 Dungeon Crawl Stone Soup version 0.30.2 (webtiles) character file.

Game seed: 10628697801100159764

54 porpoise the Shooter (level 4, -5/34 HPs)
             Began as a Human Hunter on Mar 7, 2024.
             Slain by Terence
             ... wielding a +0 flail
              (8 damage)
             ... on level 3 of the Dungeon.
             The game lasted 00:04:32 (1737 turns).

porpoise the Shooter (Human Hunter)                 Turns: 1737, Time: 00:04:33

Health: -5/34      AC:  4    Str: 11    XL:     4   Next: 12%
Magic:  4/4        EV: 12    Int: 10    God:
Gold:   100        SH:  0    Dex: 18    Spells: 3/3 levels left

rFire   . . .        a - +0 shortbow
rCold   . . .        (shield currently unavailable)
rNeg    . . .        c - +0 leather armour
rPois   +            (no helmet)
rElec   .            l - +0 cloak
rCorr   .            (no gloves)
SInv    .            (no boots)
Will    .....        (no amulet)
Stlth   ++           j - ring of poison resistance
HPRegen 0.25/turn    (no ring)
MPRegen 0.09/turn

%: no passive effects
@: no status effects
A: no striking features
a: no special abilities


You were on level 3 of the Dungeon.
You visited 1 branch of the dungeon, and saw 3 of its levels.

You collected 100 gold pieces.

Inventory:

Hand Weapons
 a - a +0 shortbow (weapon)
Armour
 c - a +0 leather armour (worn)
 l - a +0 cloak (worn)
 n - a +0 buckler
Jewellery
 j - a ring of poison resistance (left hand)
 q - a ring of wizardry
Scrolls
 b - a scroll of immolation
 f - 2 scrolls of vulnerability
 g - a scroll of poison {unknown}
 h - a scroll of teleportation {unknown}
 i - a scroll of noise {unknown}
 k - a scroll of blinking {unknown}
 m - 2 scrolls of identify {unknown}
 o - 2 scrolls of amnesia {unknown}
 s - a scroll of torment {unknown}
Potions
 d - a potion of berserk rage {unknown}
 p - a potion of magic {unknown}
 r - a potion of might {unknown}


   Skills:
 + Level 2.6 Fighting
 * Level 4.7 Ranged Weapons
 - Level 2.0 Dodging
 + Level 2.1 Stealth


You had 3 spell levels left.
You didn't know any spells.
Your spell library was empty.

Dungeon Overview and Level Annotations

Branches:
Dungeon (3/15)

Altars:

Annotations:
D:3 Terence


Message History

You shoot an arrow.
The arrow hits Terence but does no damage.
Terence is heavily wounded.
Terence barely misses you.
You shoot an arrow.
The arrow hits Terence but does no damage.
Terence is heavily wounded.
Terence hits you but does no damage.
You shoot an arrow. The arrow closely misses Terence.
Terence barely misses you.
You shoot an arrow. The arrow hits Terence.
Terence is heavily wounded.
Terence completely misses you. Terence misses you.
You shoot an arrow.
The arrow hits Terence but does no damage.
Terence is heavily wounded.
Terence completely misses you.
You shoot an arrow. The arrow hits Terence.
Terence is severely wounded.
Terence hits you with a +0 flail. Terence hits you with a +0 flail!
* * * LOW HITPOINT WARNING * * *
You shoot an arrow. The arrow barely misses Terence.
You hear the brisk rusting of a drain very nearby.
Terence closely misses you.
You shoot an arrow.
The arrow hits Terence but does no damage.
Terence is severely wounded.
Terence hits you with a +0 flail!
* * * LOW HITPOINT WARNING * * *
You shoot an arrow.
The arrow hits Terence but does no damage.
Terence is severely wounded.
Terence closely misses you. Terence barely misses you.
You shoot an arrow. The arrow closely misses Terence.
Terence barely misses you.
You shoot an arrow. The arrow barely misses Terence.
Terence barely misses you.
You shoot an arrow. The arrow hits Terence.
Terence is severely wounded.
Terence closely misses you. Terence hits you with a +0 flail!
You die...

***** *****,,,**** ###****###***
*,,,,,*,,,,**##* #..,,,,...,,,
*,********,,,..* #.#****#.#**,
**~******~****#.*####.# #.# **
*~~~*~~~~~~* #.*#.##.# #.#
*~~~*~~*~~~####@#.#.#.# #.####
**~**~~**~*#....@###..######.....
*~*~~~~*~#.###...#...........###
*~*~~∩~*~*,* ####.##.#######.#
**~**~~**~*******#........,,..#
*~~~****~~~*,,,,>.....####*#### *
*~~~~~~~~~~*****####### *
**~******~########## * ***
###........# * #..#######.# *


You could see Terence.

Vanquished Creatures
  An adder (D:2)
  A worm (D:2)
  A dart slug (D:1)
  5 orcs (D:3)
  4 endoplasms (D:2)
  3 goblins
  2 hobgoblins
  3 quokkas (D:1)
  A ball python (D:1)
  5 bats
  3 frilled lizards
  2 kobolds
  2 rats (D:1)
33 creatures vanquished.

Notes
Turn   | Place    | Note
-------+----------+-------------------------------------------
     0 | D:1      | porpoise the Human Hunter began the quest for the Orb.
     0 | D:1      | Reached XP level 1. HP: 16/16 MP: 1/1
   161 | D:1      | Reached XP level 2. HP: 22/22 MP: 2/2
   861 | D:2      | Reached XP level 3. HP: 28/28 MP: 3/3
  1676 | D:3      | Reached XP level 4. HP: 22/34 MP: 4/4
  1717 | D:3      | Noticed Terence
  1733 | D:3      | HP: 1/34 [Terence/+0 flail (7)]
  1737 | D:3      | Slain by Terence

Illustrated notes

Levels and vault maps discovered:
D:1:      dpeg_arrival_windows_large_door, layout_basic
D:2:      layout_basic
D:3:      layout_loops_ring, nicolae_uskayaw_suspiria, gup_sewer_entry_bubbles,
          shapermc_ecumenical_altar_flowoftime, uniq_grinder, uniq_terence

Skill      XL: |  1  2  3 |
---------------+----------+-----
Stealth        | 2 |  2.1
Fighting       | |  2.6
Ranged Weapons | |  4.7
Dodging        | |  2.0

Action                     |  1- 3 |  4- 6 || total
---------------------------+-------+-------++-------
   Fire: Shortbow          |    71 |    23 ||    94
    Use: Scroll            |     3 |       ||     3
 Armour: Leather armour    |     3 |     2 ||     5
  Dodge: Dodged            |    13 |    15 ||    28
